 Dungeon Crawl Stone Soup version 0.31-a0-1066-g35875b3 (webtiles) character file.

Game seed: 7215889325430019296

203 PurpleRed the Trooper (level 6, -6/79 HPs)
             Began as a Meteoran Delver on Nov 22, 2023.
             Mangled by an ogre
             ... wielding a +0 giant club
              (13 damage)
             ... on level 5 of the Dungeon.
             The game lasted 00:02:24 (238 turns).

PurpleRed the Trooper (Meteoran Delver)              Turns: 238, Time: 00:02:25

Health: -6/79      AC: 23    Str: 16    XL:     6   Next: 30%
Magic:  7/7        EV:  2    Int: 11    God:
Gold:   22         SH:  0    Dex: 16    Spells: 5/5 levels left

rFire   . . .        i - +4 quarterstaff
rCold   . . .        (shield currently unavailable)
rNeg    . . .        b - melded +0 leather armour
rPois   +            (helmet currently unavailable)
rElec   .            (cloak currently unavailable)
rCorr   .            (gloves currently unavailable)
SInv    .            (boots currently unavailable)
Will    .....        (no amulet)
Stlth   +            (no ring)
HPRegen 0.33/turn    (no ring)
MPRegen 0.10/turn

%: no passive effects
@: tree-form, glowing
A: stationary, stasis, torment immunity, boosted hp, sense surroundings 1,
otherworldly, glowing, explore regen
a: no special abilities


You were on level 5 of the Dungeon.
You were a tree.
You visited 1 branch of the dungeon, and saw 3 of its levels.

You collected 22 gold pieces.

Inventory:

Hand Weapons
 a - a +0 hand axe
 i - a +4 quarterstaff (weapon)
Armour
 b - a +0 leather armour (melded)
Wands
 g - a wand of digging (3)
Scrolls
 c - a scroll of fog
 d - a scroll of revelation
 e - a scroll of fear
Potions
 j - a potion of mutation {unknown}


   Skills:
 + Level 4.4 Fighting
 + Level 4.0 Axes
 + Level 3.6 Dodging
 + Level 4.3 Stealth


You had 5 spell levels left.
You didn't know any spells.
Your spell library was empty.

Dungeon Overview and Level Annotations

Branches:
Dungeon (6/15) Zot: 1562
 Temple: D:4-7

Altars:


Innate Abilities, Weirdness & Mutations

You are a tree.
Your roots penetrate the ground, keeping you stationary.
You cannot be teleported.
You are immune to unholy pain and torment.
Your maximum health is greatly increased.
Your equipment is partially melded.
You passively map a small area around you.
You are easily found by Zot.
You glow in the dark.
You regain HP and MP as you explore.


Message History

It was a potion of lignification.
You turn into a tree.
Your +0 leather armour melds into your body.
Your roots penetrate the ground.
The phantom hits you but does no damage.
You miss the phantom. The phantom completely misses you. x2
You sock the phantom!
The phantom is moderately damaged.
The phantom hits you but does no damage.
You hit the phantom.
The phantom is heavily damaged.
The phantom hits you but does no damage.
You sock the phantom!
The phantom is severely damaged.
The phantom hits you but does no damage.
You sock the phantom!
You destroy the phantom!
The ogre barely misses you.
Your Axes skill increases to level 4!
You have reached level 6!
You feel stronger.
You hit the ogre.
The ogre is lightly wounded.
You hit the ogre.
The ogre is moderately wounded.
The ogre hits you with a +0 giant club!
You sock the ogre!
The ogre is heavily wounded.
The ogre hits you but does no damage.
You hit the ogre.
The ogre is severely wounded.
The ogre hits you with a +0 giant club!
* * * LOW HITPOINT WARNING * * *
You barely miss the ogre.
The ogre is severely wounded.
The ogre hits you with a +0 giant club!
* * * LOW HITPOINT WARNING * * *
You hit the ogre.
The ogre is almost dead.
The ogre hits you with a +0 giant club!
You die...

..######.#......#..
#########.#..W..........#..
.......#.#W#....#..#####..
*
.#.#..#.....#.#W...........
,,
...!...W#####.#.##..#######
.#....#.# #...#.##..# ,
#... #.# #...#.....#
#....#.###...#.....#
#.......O♣.........#
.....######...#.....# *....
, ,,#...#....## ... ,
###.###### * * .. , ,,* *.#
. # , , * , * *


You could see an ogre.

Vanquished Creatures
  A phantom (D:5)
  2 scorpions (D:5)
  An adder (D:5)
  An orc (D:5)
  A goblin (D:4)
  4 jackals (D:5)
10 creatures vanquished.

Notes
Turn   | Place    | Note
-------+----------+-------------------------------------------
     0 | D:5      | PurpleRed the Meteoran Delver began the quest for the Orb.
     0 | D:5      | Reached XP level 1. HP: 19/19 MP: 2/2
    24 | D:5      | Noticed an ogre
    46 | D:4      | Noticed a hound
    69 | D:5      | Reached XP level 2. HP: 24/26 MP: 3/3
   131 | D:5      | Reached XP level 3. HP: 31/31 MP: 4/4
   144 | D:5      | Noticed a scorpion
   147 | D:6      | Noticed a sky beast
   173 | D:5      | Noticed a scorpion
   182 | D:5      | Killed a scorpion
   183 | D:5      | Reached XP level 4. HP: 14/40 MP: 5/5
   187 | D:5      | Noticed a phantom
   208 | D:5      | Noticed a scorpion
   226 | D:5      | Killed a scorpion
   227 | D:5      | Reached XP level 5. HP: 19/46 MP: 6/6
   232 | D:5      | Killed a phantom
   233 | D:5      | Reached XP level 6. HP: 36/53 MP: 7/7
   238 | D:5      | Mangled by an ogre

Illustrated notes

Levels and vault maps discovered:
D:4:      layout_loops_ring, minmay_temple_entry_statues_fountains,
          gammafunk_ghost_nasty_kobolds, nicolae_elevator_lobby_plus,
          uniq_menkaure, uniq_edmund
D:5:      layout_basic, lemuel_doored_altar
D:6:      layout_rooms, nzn_overflow_gifts_of_might_and_magic

Skill      XL: |  1  2  3  4  5 |
---------------+----------------+-----
Fighting       | 4 |  4.4
Axes           | 3 4 |  4.0
Dodging        | 3 |  3.6
Stealth        | 4 |  4.3

Action                     |  1- 3 |  4- 6 || total
---------------------------+-------+-------++-------
  Melee: Hand axe          |    12 |       ||    12
         Quarterstaff      |    15 |    20 ||    35
    Use: Potion            |     1 |     1 ||     2
 Armour: Leather armour    |    10 |     7 ||    17
         Skin              |       |     9 ||     9
  Dodge: Dodged            |    27 |     9 ||    36

Table legend: (Time is in decaauts)
 A = Elapsed time spent in this place.
 B = Non-inter-level travel time spent in this place.
 C = Inter-level travel time spent in this place.
 D = Time resting spent in this place.
 E = Time spent auto-exploring this place.
 F = Levels seen in this place.
 G = Mean time per level.
                   A        B        C        D        E       F      G
               +--------+--------+--------+--------+--------+-----+--------+
         Total |    236 |    236 |      0 |      0 |      0 |   3 |   78.7 |
       Dungeon |    236 |    236 |      0 |      0 |      0 |   3 |   78.7 |
               +--------+--------+--------+--------+--------+-----+--------+

Top non-repeatable levels by time:
     D:5: 219 daAuts
     D:4: 14 daAuts
     D:6: 2 daAuts
